 Dungeon Crawl Stone Soup version 0.31-a0-175-g9f7f995f2b (webtiles) character file.

Game seed: 18367458008626101702

79 gelatine the Trooper (level 4, -1/35 HPs)
             Began as a Demonspawn Fighter on June 16, 2023.
             Slain by an orc warrior
             ... wielding a +0 heavy dire flail
              (16 damage)
             ... on level 6 of the Dungeon.
             The game lasted 00:05:09 (2347 turns).

gelatine the Trooper (Demonspawn Fighter)           Turns: 2347, Time: 00:05:10

Health: -1/35      AC: 10    Str: 19    XL:     4   Next: 17%
Magic:  4/4        EV:  7    Int:  9    God:
Gold:   207        SH:  4    Dex: 12    Spells: 3/3 levels left

rFire   . . .        a - +0 war axe (vamp)
rCold   . . .        c - +0 buckler
rNeg    . . .        p - +0 chain mail
rPois   .            (no helmet)
rElec   .            o - +0 cloak
rCorr   .            (no gloves)
SInv    .            (no boots)
Will    .....        f - amulet of magic regeneration Stlth
                     (no ring)
HPRegen 0.25/turn    (no ring)
MPRegen 0.49/turn

%: no passive effects
@: mighty
A: demonic magic 1
a: no special abilities


You were on level 6 of the Dungeon.
You visited 1 branch of the dungeon, and saw 4 of its levels.

You collected 207 gold pieces.

Inventory:

Hand Weapons
 a - a +0 vampiric war axe (weapon)
Missiles
 n - 2 stones (quivered)
Armour
 b - a +0 scale mail
 c - a +0 buckler (worn)
 i - a +0 ring mail
 j - a +0 robe
 o - a +0 cloak (worn)
 p - a +0 chain mail (worn)
Jewellery
 f - an amulet of magic regeneration (around neck)
Scrolls
 e - a scroll of identify
 g - a scroll of immolation
 h - a scroll of blinking
 k - a scroll of fog
 l - a scroll of teleportation {unknown}
Potions
 d - a potion of might
 m - a potion of haste


   Skills:
 * Level 3.4 Fighting
 * Level 2.9 Axes
 * Level 3.1 Armour
 * Level 0.5 Dodging
 + Level 0.1 Stealth
 * Level 3.0 Shields


You had 3 spell levels left.
You didn't know any spells.
Your spell library contained the following spells:

 Spells                   Type           Power      Damage    Failure   Level
 Apportation              Tloc           0%         N/A       99%         1
 Beastly Appendage        Tmut           0%         N/A       99%         1
 Magic Dart               Conj           0%         1d3       99%         1
 Necrotise                Necr           0%         1d4       99%         1
 Summon Small Mammal      Summ           0%         N/A       99%         1
 Searing Ray              Conj           0%         2d4       100%        2
 Wereblood                Tmut           0%         N/A       100%        2
 Spider Form              Tmut/Pois      0%         N/A       100%        3
 Fulminant Prism          Conj/Hex       0%         3d5       100%        4


Dungeon Overview and Level Annotations

Branches:
Dungeon (3/15)

Altars:

Shops:
D:1 (


Innate Abilities, Weirdness & Mutations

Spells you cast may paralyse adjacent enemies.


Message History

Ouch! That really hurt!
You slice something!!
You feel better.
Reactivating autopickup.
You feel a bit more experienced.
The orc warrior shoots an arrow.
The arrow hits you!
An orc comes into view. It is wielding a +0 short sword.
The sky beast flickers out of sight!
Deactivating autopickup; reactivate with Ctrl-A.
The orc warrior shoots an arrow.
The arrow hits you.
* * * LOW HITPOINT WARNING * * *
You hear a shout!
Your Shields skill increases to level 3!
You have reached level 4!
You feel stronger.
Okay, then.
Blink to where?
Press: ? - help, Dir - move target
As you read the scroll of blinking, it crumbles to dust.
Found a scroll labelled HOGAKI FI QUI.
You see here a scroll labelled HOGAKI FI QUI.
l - a scroll labelled HOGAKI FI QUI You block the orc's attack.
You barely miss the orc. The orc hits you with a +0 short sword.
You slash the orc!
You feel better.
You kill the orc!
You block the orc priest's attack.
You completely miss the orc priest. You block the orc priest's attack.
You hit the orc priest.
The orc priest is moderately wounded.
The orc priest hits you with a +0 mace.
You hit the orc warrior.
The orc warrior is lightly wounded.
The orc priest calls upon Beogh to heal the orc warrior.
The orc warrior's wounds heal themselves!
The orc warrior unwields a +0 orcbow.
The orc warrior wields a +0 heavy dire flail.
The orc warrior completely misses you.
You closely miss the orc warrior.
The orc warrior hits you with a +0 heavy dire flail!
You die...

.........#.# ########o#.#
#.#.# .#.. #.#.# .>.. #.#.#
..# #.#.# ###+#..# #.#.#
.......#.###############.#.#
.......#........@oo......#.#
.....#.###################.#
............ #.#
........##### .# #.#
............## #.# #.#
.......####..###.# #.#
..........##...#.# #.#
...............#.# #.#
...............#.# #.#


You could see an orc warrior and an orc priest.

Vanquished Creatures
  An orc wizard (D:6)
  3 worms (D:2)
  2 dart slugs
  An orc (D:6)
  An endoplasm (D:2)
  A giant cockroach (D:1)
  4 goblins
  5 hobgoblins
  3 kobolds
  5 quokkas
  4 ball pythons (D:2)
  4 bats
  3 frilled lizards
  5 rats
42 creatures vanquished.

Notes
Turn   | Place    | Note
-------+----------+-------------------------------------------
     0 | D:1      | gelatine the Demonspawn Fighter began the quest for the
                  | Orb.
     0 | D:1      | Reached XP level 1. HP: 18/18 MP: 1/1
    53 | D:1      | Found Loojonig's Antique Weapon Emporium.
   378 | D:1      | Gained mutation: Spells you cast may paralyse adjacent
                  | enemies. [demonic ancestry]
   378 | D:1      | Reached XP level 2. HP: 24/24 MP: 2/2
  1252 | D:2      | Reached XP level 3. HP: 28/29 MP: 3/3
  1860 | D:2      | Found a faded altar of an unknown god.
  1882 | D:2      | Found a faded altar of an unknown god.
  2220 | D:3      | You fall into a shaft and drop 3 floors!
  2307 | D:6      | Noticed an orc warrior
  2307 | D:6      | Noticed a sky beast
  2311 | D:6      | Reached XP level 4. HP: 9/35 MP: 4/4
  2347 | D:6      | Slain by an orc warrior

Illustrated notes

Levels and vault maps discovered:
D:1:      dpeg_arrival_boxes_within_box, layout_basic, serial_shops, shop,
          palyth_stone_intersect, minmay_misc_feat_hallway,
          chequers_serial_rivers_large_b, chequers_avenue
D:2:      layout_loops_ring, hellmonk_ecumenical_altar_the_god_not_taken,
          basic_altar, minmay_heptomino_d4
D:3:      layout_basic, lemuel_coloured_pillars_altar
D:6:      layout_basic, serial_shops, nicolae_shop_peninsula

Skill      XL: |  1  2  3 |
---------------+----------+-----
Axes           | 2 |  2.9
Armour         | 3 |  3.1
Shields        | 3 |  3.0
Fighting       | |  3.4
Dodging        | |  0.5
Stealth        | |  0.1

Action                     |  1- 3 |  4- 6 || total
---------------------------+-------+-------++-------
  Melee: War axe           |   125 |     6 ||   131
    Use: Scroll            |     6 |     1 ||     7
         Potion            |     1 |       ||     1
   Stab: Sleeping          |     1 |       ||     1
 Armour: Scale mail        |    22 |       ||    22
         Ring mail         |     3 |       ||     3
         Robe              |     8 |       ||     8
  Dodge: Dodged            |    67 |     1 ||    68
  Block: Buckler           |    29 |     3 ||    32

Table legend: (Time is in decaauts)
 A = Elapsed time spent in this place.
 B = Non-inter-level travel time spent in this place.
 C = Inter-level travel time spent in this place.
 D = Time resting spent in this place.
 E = Time spent auto-exploring this place.
 F = Levels seen in this place.
 G = Mean time per level.
                   A        B        C        D        E       F      G
               +--------+--------+--------+--------+--------+-----+--------+
         Total |   2425 |   2338 |     87 |      0 |   1804 |   4 |  606.2 |
       Dungeon |   2425 |   2338 |     87 |      0 |   1804 |   4 |  606.2 |
               +--------+--------+--------+--------+--------+-----+--------+

Top non-repeatable levels by time:
     D:1: 1213 daAuts
     D:2: 917 daAuts
     D:3: 165 daAuts
     D:6: 129 daAuts
